 Dungeon Crawl Stone Soup version 0.30-a0-1116-gebefce21f7 (webtiles) character file.

Game seed: 6692570147784671839

2232 pokeman the Thaumaturge (level 9, -10/47 (49) HPs)
             Began as a Deep Elf Hedge Wizard on Apr 18, 2023.
             Was an Initiate of Vehumet.
             Mangled by a wight
             ... wielding a +4 halberd
              (14 damage)
             ... on level 6 of the Dungeon on Apr 21, 2023.
             The game lasted 00:19:11 (8331 turns).

pokeman the Thaumaturge (Deep Elf Hedge Wizard)     Turns: 8331, Time: 00:19:12

HP:   -10/47 (49)   AC:  5    Str:  7    XL:     9   Next: 14%
MP:   16/26         EV: 13    Int: 24    God:    Vehumet [......]
Gold: 90            SH:  0    Dex: 14    Spells: 22/30 levels left

rFire   . . .      SeeInvis .    l - +2 dagger (venom)
rCold   . . .      Faith    .    (no shield)
rNeg    . . .      Spirit   .    r - +2 robe {Will+}
rPois   .          Reflect  .    c - +0 hat
rElec   .          Rampage  .    (no cloak)
rCorr   .                        (no gloves)
Will    ++...                    D - +0 pair of boots
Stlth   ++                       (no amulet)
HPRegen 0.27/turn                h - ring of willpower
MPRegen 0.20/turn                k - ring of wizardry

@: on blink cooldown, lightly drained
A: no striking features
a: Renounce Religion


You were on level 6 of the Dungeon.
You worshipped Vehumet.
Vehumet was noncommittal.
You visited 2 branches of the dungeon, and saw 7 of its levels.
You also visited: Ossuary.

You collected 249 gold pieces.
You spent 159 gold pieces at shops.

Inventory:

Hand Weapons
 l - a +2 dagger of venom (weapon)
Missiles
 b - 2 throwing nets
Armour
 c - a +0 hat (worn)
 r - a +2 robe of willpower (worn)
 D - a +0 pair of boots (worn)
Jewellery
 h - a ring of willpower (left hand)
 k - a ring of wizardry (right hand)
Wands
 n - a wand of paralysis (19)
Scrolls
 a - 4 scrolls of magic mapping {unknown}
 f - 6 scrolls of vulnerability {unknown}
 g - a scroll of immolation {unknown}
 j - 2 scrolls of fear {unknown}
 o - 8 scrolls of teleportation
 t - 3 scrolls of poison {unknown}
 v - 5 scrolls of identify
 x - 2 scrolls of fog {unknown}
 y - a scroll of silence {unknown}
 A - 3 scrolls of blinking
 B - 2 scrolls of enchant weapon {unknown}
 C - a scroll of noise {unknown}
 F - a scroll of enchant armour {unknown}
 G - a scroll of brand weapon {unknown}
Potions
 d - 3 potions of magic
 e - a potion of curing {unknown}
 i - 2 potions of heal wounds {unknown}
 m - a potion of flight {unknown}
 p - 4 potions of haste {unknown}
 q - a potion of ambrosia {unknown}
 s - a potion of resistance {unknown}
 u - a potion of berserk rage {unknown}
 w - 2 potions of attraction {unknown}
 z - 3 potions of degeneration {unknown}
 E - a potion of invisibility {unknown}


   Skills:
 + Level 2.5 Fighting
 - Level 3.0 Armour
 - Level 3.0 Dodging
 - Level 3.0 Stealth
 * Level 11.0 Spellcasting
 + Level 5.9 Conjurations
 + Level 5.1 Summonings
 - Level 1.1 Translocations
 - Level 1.1 Air Magic
 - Level 1.0 Poison Magic
 - Level 1.0 Evocations


You had 22 spell levels left.
You knew the following spells:

 Your Spells              Type           Power      Damage    Failure   Level
a - Magic Dart            Conj           100%       1d8       1%          1
b - Mephitic Cloud        Conj/Pois/Air  26%        N/A       1%          3
c - Call Imp              Summ           74%        N/A       1%          2
d - Blink                 Tloc           36%        N/A       1%          2

Your spell library contained the following spells:

 Spells                   Type           Power      Damage    Failure   Level
 Slow                     Hex            52%        N/A       1%          1
 Cigotuvi's Dreadful Rot  Necr/Pois/Air  32%        N/A       2%          2
 Portal Projectile        Hex/Tloc       30%        N/A       4%          3
 Tukima's Dance           Hex            13%        N/A       6%          3
 Blade Hands              Tmut           6%         N/A       45%         5


Dungeon Overview and Level Annotations

Branches:
Dungeon (6/15)             Temple (1/1) D:5         Ossuary (visited)

Altars:
Dithmenos
Hepliaklqana
Qazlal
Trog
Vehumet

Shops:
D:1 ?   D:5 =


Message History

Aim: a wight, wielding a +4 halberd and wearing a +0 robe (moderately damaged, 100% to hit)
The magic dart hits the wight.
The wight is heavily damaged.
Casting: Magic Dart (safe; 1% risk of failure)
Confirm with . or Enter, or press ? or * to list all spells.
Aiming: Magic Dart (safe; 1% risk of failure)
Press: ? - help, Shift-Dir - straight line, f/p - wight
Aim: a wight, wielding a +4 halberd and wearing a +0 robe (heavily damaged, 100% to hit)
The magic dart hits the wight.
The wight is severely damaged.
Casting: Magic Dart (safe; 1% risk of failure)
Confirm with . or Enter, or press ? or * to list all spells.
Aiming: Magic Dart (safe; 1% risk of failure)
Press: ? - help, Shift-Dir - straight line, f/p - wight
Aim: a wight, wielding a +4 halberd and wearing a +0 robe (severely damaged, 100% to hit)
The magic dart hits the wight but does no damage.
The wight is severely damaged.
The wight hits you from afar with a +4 halberd!
You feel drained.
Casting: Magic Dart (safe; 1% risk of failure)
Confirm with . or Enter, or press ? or * to list all spells.
Aiming: Magic Dart (safe; 1% risk of failure)
Press: ? - help, Shift-Dir - straight line, f/p - wight
Aim: a wight, wielding a +4 halberd and wearing a +0 robe (severely damaged, 100% to hit)
The magic dart hits the wight.
The wight is severely damaged.
The wight hits you from afar with a +4 halberd!
* * * LOW HITPOINT WARNING * * *
Casting: Magic Dart (safe; 1% risk of failure)
Confirm with . or Enter, or press ? or * to list all spells.
You blink.
Casting: Blink (safe; 1% risk of failure)
Confirm with . or Enter, or press ? or * to list all spells.
Aiming: Magic Dart (safe; 1% risk of failure)
Press: ? - help, Shift-Dir - straight line, f/p - wight
Aim: a wight, wielding a +4 halberd and wearing a +0 robe (severely damaged, 100% to hit)
The magic dart hits the wight.
The wight is almost destroyed.
The wight hits you from afar with a +4 halberd!
You die...

# #...## ... #
#...##.#####.## #
##... ........# .z
... ......#
####.########.#)<#
...#...........ยง.#
.............#z..#
####'#######.#...#
#.# #.#..@# .
####.#####
#.....#..#
...'.'...#
#.>....^.#
.###.###.#
#.###.#### #.# #.#
#........
+###.###'###..######
...........'........
+###.###'###..#####.
#.# #.# #..#


You could see a wight.

Vanquished Creatures
  A sky beast (D:4)
  2 black bears
  An ogre (D:4)
  2 elf zombies (Ossuary)
  3 wights (D:6)
  4 howler monkeys
  8 human zombies (Ossuary)
  2 hounds
  A jelly (D:5)
  2 gnoll boudas (D:4)
  5 iguanas
  Jessica (D:3)
  Natasha (thrice) (D:2)
  2 sleepcaps
  4 mummies
  25 gnolls
  3 adders
  An ufetubus (D:6)
  2 worms (D:2)
  25 orcs
  7 ball pythons
  2 bats (D:2)
  4 endoplasms
  5 giant cockroaches
  13 goblins
  7 hobgoblins
  17 jackals
  5 quokkas
  3 frilled lizards
  17 kobolds
  2 orc zombies (D:4)
  6 rats
185 creatures vanquished.

Vanquished Creatures (collateral kills)
  A steam dragon (D:6)
  An elf zombie (Ossuary)
  A wight (D:6)
  A human zombie (Ossuary)
4 creatures vanquished.

Vanquished Creatures (others)
  8 plants (D:4)
8 creatures vanquished.

Grand Total: 197 creatures vanquished

Notes
Turn   | Place    | Note
-------+----------+-------------------------------------------
     0 | D:1      | pokeman the Deep Elf Hedge Wizard began the quest for the
                  | Orb.
     0 | D:1      | Reached XP level 1. HP: 10/10 MP: 7/7
   278 | D:1      | Reached XP level 2. HP: 16/16 MP: 6/9
   487 | D:1      | Found Ceidenur's Magic Scroll Emporium.
   840 | D:1      | Reached skill level 5 in Spellcasting
  1148 | D:2      | Reached XP level 3. HP: 19/20 MP: 8/11
  1152 | D:2      | Learned a level 3 spell: Mephitic Cloud
  1155 | D:2      | Learned a level 2 spell: Blink
  1158 | D:2      | Learned a level 2 spell: Call Imp
  1396 | D:2      | Found a faded altar of an unknown god.
  1693 | D:2      | Reached skill level 1 in Fighting
  1693 | D:2      | Reached skill level 1 in Armour
  2093 | D:2      | Noticed Natasha
  2101 | D:2      | Killed Natasha
  2102 | D:2      | Reached XP level 4. HP: 18/25 MP: 5/13
  2483 | D:2      | Noticed Natasha
  2493 | D:2      | Killed Natasha
  2602 | D:2      | Noticed Natasha
  2615 | D:2      | Killed Natasha
  2616 | D:2      | Reached skill level 6 in Spellcasting
  2616 | D:2      | Reached XP level 5. HP: 20/29 MP: 11/15
  3215 | D:3      | Noticed Jessica
  3224 | D:3      | Killed Jessica
  3225 | D:3      | Reached skill level 1 in Evocations
  3345 | D:3      | Found a bloodstained altar of Trog.
  3931 | D:4      | Found a sand-covered staircase.
  4001 | Ossuary  | Entered an ossuary
  4020 | Ossuary  | Reached skill level 1 in Air Magic
  4039 | Ossuary  | Reached skill level 1 in Poison Magic
  4039 | Ossuary  | Reached XP level 6. HP: 18/34 MP: 7/17
  4282 | Ossuary  | Reached skill level 7 in Spellcasting
  4675 | Ossuary  | Reached XP level 7. HP: 18/39 MP: 5/20
  4807 | Ossuary  | Reached skill level 8 in Spellcasting
  5705 | D:4      | Reached XP level 8. HP: 44/44 MP: 19/22
  5809 | D:4      | Reached skill level 9 in Spellcasting
  6326 | D:4      | Reached skill level 5 in Conjurations
  6594 | D:5      | Entered Level 5 of the Dungeon
  6718 | D:5      | Found Ukkoreug's Jewellery Emporium.
  6726 | D:5      | Upgraded the game from 0.30-a0-1103-g25895a7845 to
                  | 0.30-a0-1116-gebefce21f7
  6908 | D:5      | Reached skill level 10 in Spellcasting
  7062 | D:5      | Found a staircase to the Ecumenical Temple.
  7068 | Temple   | Entered the Ecumenical Temple
  7096 | Temple   | Became a worshipper of Vehumet
  7304 | D:5      | Found a shadowy altar of Dithmenos.
  7305 | D:5      | Found a hazy altar of Hepliaklqana.
  7554 | D:1      | Bought a scroll of teleportation for 33 gold pieces
  7554 | D:1      | Bought a scroll of identify for 22 gold pieces
  7554 | D:1      | Bought a scroll of identify for 22 gold pieces
  7554 | D:1      | Bought a scroll of blinking for 82 gold pieces
  7671 | D:6      | Found a stormy altar of Qazlal.
  7868 | D:6      | Noticed a komodo dragon
  7893 | D:6      | Reached XP level 9. HP: 46/48 MP: 12/25
  8085 | D:6      | Reached skill level 5 in Summonings
  8283 | D:6      | Reached skill level 11 in Spellcasting
  8331 | D:6      | Mangled by a wight

Illustrated notes

Levels and vault maps discovered:
D:1:      mainiacjoe_arrival_reflecting_pool, layout_basic, serial_shops,
          nicolae_shop_rolling_square, minmay_misc_feat_rows
D:2:      layout_basic, shapermc_ecumenical_altar_hornbeckon, uniq_natasha
D:3:      layout_loops_ring, trog_hazing_becter, uniq_jessica
D:4:      lemuel_castle_with_subvaults [lemuel_castle_interior_carwin_3],
          layout_loops_ring, serial_forest, infiniplex_forest_lined_corner,
          infiniplex_forest_zigzag_1, infiniplex_forest_split,
          infiniplex_forest_lined_ring, infiniplex_forest_lined_room_3,
          infiniplex_forest_clump_small, infiniplex_forest_end_1,
          nicolae_ossuary_entry_giza
D:5:      layout_loops_ring, riverfiend_overflow_shadow_ancestor, temple_green,
          serial_shops, nicolae_square_shop
D:6:      layout_basic, nicolae_qazlal_general_emergency, serial_shops,
          kennysheep_little_box, minmay_door_square
Temple:   nicolae_temple_figure_eight

Skill      XL: |  1  2  3  4  5  6  7  8  9 |
---------------+----------------------------+-----
Spellcasting   | 5 6 7 8 10 11 | 11.0
Fighting       | 1 2 |  2.5
Armour         | 1 3 |  3.0
Conjurations   | 2 3 4 5 |  5.9
Stealth        | 3 |  3.0
Dodging        | 3 |  3.0
Evocations     | 1 |  1.0
Air Magic      | 1 |  1.1
Poison Magic   | 1 |  1.0
Summonings     | 2 3 4 5 |  5.1
Translocations | |  1.1

Action                     |  1- 3 |  4- 6 |  7- 9 || total
---------------------------+-------+-------+-------++-------
  Melee: Dagger            |    11 |   114 |   169 ||   294
         Punch             |       |       |     3 ||     3
   Cast: Magic Dart        |   118 |   140 |   162 ||   420
         Mephitic Cloud    |     2 |     6 |    38 ||    46
         Call Imp          |       |     6 |     7 ||    13
         Blink             |       |     2 |     2 ||     4
   Stab: Confused          |     1 |     6 |    23 ||    30
         Distracted        |       |     1 |       ||     1
         Sleeping          |       |       |     1 ||     1
 Armour: Robe              |     4 |    12 |    25 ||    41
  Dodge: Dodged            |    19 |    50 |   114 ||   183

Table legend: (Time is in decaauts)
 A = Elapsed time spent in this place.
 B = Non-inter-level travel time spent in this place.
 C = Inter-level travel time spent in this place.
 D = Time resting spent in this place.
 E = Time spent auto-exploring this place.
 F = Levels seen in this place.
 G = Mean time per level.
                   A        B        C        D        E       F      G
               +--------+--------+--------+--------+--------+-----+--------+
         Total |   8345 |   8003 |    342 |    564 |   5736 |   8 | 1043.1 |
       Dungeon |   7178 |   6855 |    323 |    208 |   5298 |   6 | 1196.3 |
        Temple |     48 |     29 |     19 |      0 |     23 |   1 |   48.0 |
       Ossuary |   1118 |   1118 |      0 |    356 |    415 |   1 | 1118.0 |
               +--------+--------+--------+--------+--------+-----+--------+

Top non-repeatable levels by time:
     D:4: 1793 daAuts
     D:2: 1574 daAuts
     D:1: 1158 daAuts
 Ossuary: 1118 daAuts
     D:3: 1067 daAuts
     D:5: 873 daAuts
     D:6: 710 daAuts
  Temple: 48 daAuts
